 Dungeon Crawl Stone Soup version 0.27-a0-909-g0721f309d1 (webtiles) character file.

Game seed: 6957805647561513274

2286 DarkShadow the Cleaver (level 9, -4/75 HPs)
             Began as a Minotaur Fighter on Apr 8, 2021.
             Was an Initiate of Gozag.
             Engulfed by a steam dragon's steam (5 damage)
             ... on level 7 of the Dungeon.
             The game lasted 00:14:27 (7617 turns).

DarkShadow the Cleaver (Minotaur Fighter)           Turns: 7617, Time: 00:14:27

Health: -4/75      AC:  9    Str: 27    XL:     9   Next: 17%
Magic:  0/8        EV: 10    Int:  9    God:    Gozag
Gold:   273        SH: 13    Dex: 13    Spells: 8/8 levels left

rFire    . . .     SeeInvis +   a - +0 war axe
rCold    . . .     Faith    .   c - +1 kite shield
rNeg     . . .     Spirit   +   b - +0 scale mail
rPois    +         Reflect  .   (helmet restricted)
rElec    .         Harm     .   (no cloak)
rCorr    .         Rampage  .   k - +0 pair of gloves
Will     .....                  (no boots)
Stlth    ..........             m - amulet of Lagoss {Spirit Str+6}
HPRegen  0.22/turn              t - ring of the Establishment {rPois Int+4 Slay+2}
MPRegen  0.11/turn              p - ring of see invisible

@: about to teleport
A: horns 2, retaliatory headbutt
a: Renounce Religion, Potion Petition, Call Merchant, Bribe Branch


You were on level 7 of the Dungeon.
You worshipped Gozag.
Gozag was aware of your devotion.
You visited 2 branches of the dungeon, and saw 8 of its levels.

You collected 355 gold pieces.
You paid 82 gold pieces to Gozag.

Inventory:

Hand Weapons
 a - a +0 war axe (weapon)
Armour
 b - a +0 scale mail (worn)
 c - a +1 kite shield (worn)
 k - a +0 pair of gloves (worn)
Jewellery
 g - a ring of resist corrosion
 m - the amulet of Lagoss (around neck) {Spirit Str+6}
   (You acquired it on level 5 of the Dungeon)

   [amulet of guardian spirit]

   It causes incoming damage to be divided between your reserves of health and
   magic.
   It affects your strength (+6).
 p - a ring of see invisible (right hand)
 t - the ring of the Establishment (left hand) {rPois Int+4 Slay+2}
   (You acquired it on level 6 of the Dungeon)

   [ring of poison resistance]

   It affects your intelligence (+4).
   It affects your accuracy and damage with ranged weapons and melee attacks
   (+2).
   It protects you from poison.
Wands
 j - a wand of acid (9)
Scrolls
 h - 2 scrolls of teleportation
 l - a scroll of fear
Potions
 d - a potion of might
 e - 2 potions of curing
 f - 3 potions of lignification
 i - a potion of brilliance {unknown}
 n - 2 potions of flight {unknown}
 o - a potion of magic
 q - 3 potions of heal wounds {unknown}
 s - a potion of degeneration {unknown}


   Skills:
 + Level 5.7 Fighting
 + Level 8.9 Axes
 + Level 8.0 Armour
 + Level 3.7 Dodging
 + Level 1.3 Stealth
 + Level 7.7 Shields


You had 8 spell levels left.
You didn't know any spells.
Your spell library contained the following spells:

 Spells                   Type           Power      Damage    Failure   Level
 Animate Skeleton         Necr           0%         N/A       91%         1
 Apportation              Tloc           0%         N/A       91%         1
 Corona                   Hex            0%         N/A       91%         1
 Foxfire                  Conj/Fire      0%         2x1d4     91%         1
 Summon Small Mammal      Summ           0%         N/A       91%         1
 Conjure Flame            Conj/Fire      0%         6-21      99%         3
 Inner Flame              Hex/Fire       0%         N/A       99%         3
 Sticky Flame             Conj/Fire      0%         2d3       100%        4
 Fireball                 Conj/Fire      0%         3d3       100%        5


Dungeon Overview and Level Annotations

Branches:
Dungeon (7/15)             Temple (1/1) D:5

Altars:
Ashenzari
Cheibriados
Dithmenos
Elyvilon
Fedhas
Gozag
Hepliaklqana
Kikubaaqudgha
Makhleb
Nemelex Xobeh
Okawaru
Qazlal
Ru
Sif Muna
Trog
Uskayaw
Vehumet
Wu Jian
Xom
Yredelemnul
Zin
The Shining One


Innate Abilities, Weirdness & Mutations

You have a pair of horns on your head.
You reflexively headbutt those who attack you in melee.


Message History

You slash Menkaure! You headbutt Menkaure.
Menkaure is severely damaged.
Menkaure whispers drily.
You block Menkaure's attack.
You slash Menkaure!
You destroy Menkaure!
You now have 273 gold pieces (gained 8).
There is a stone staircase leading down here.
You climb downwards.
There is a stone staircase leading up here.
The steam dragon breathes steam at you. The ball of steam hits you!!
You are engulfed in a cloud of scalding steam.
The steam dragon breathes steam at you. The ball of steam hits you!!
Something shouts, "Out, out, thou pecksniffian fly-bitten joithead!"
Found a potion of curing.
You are engulfed in a cloud of scalding steam.
The steam dragon breathes steam at you. The ball of steam hits you!
* * * LOW HITPOINT WARNING * * *
You completely miss the steam dragon. You block the steam dragon's attack.
The steam dragon closely misses you.
You hit the steam dragon but do no damage.
You headbutt the steam dragon.
The steam dragon is lightly wounded.
You block the steam dragon's attack. x2
You slash the steam dragon! You headbutt the steam dragon.
The steam dragon is heavily wounded.
The steam dragon breathes steam at you. The ball of steam hits you!
* * * LOW HITPOINT WARNING * * *
The steam dragon bites you.
* * * LOW HITPOINT WARNING * * *
The steam dragon misses you.
As you read the scroll of teleportation, it crumbles to dust.
You feel strangely unstable.
You are engulfed in a cloud of scalding steam.
You die...
Your body crumbles into a pile of gold.

..................
..................
..................
..................
.................#
..................
......§...........
.....§§§§.@D....!#
................##
.................#
..................
..................
..................
..................
..................


You could see a steam dragon (catching breath).

Vanquished Creatures
  Menkaure (D:6)
  A water moccasin (D:5)
  5 sky beasts
  3 black bears
  An orc warrior (D:5)
  A necrophage (D:5)
  3 ogres
  A phantom (D:5)
  3 scorpions
  A howler monkey (D:6)
  2 hounds
  2 bullfrog skeletons
  An orc priest (D:5)
  2 gnoll shamans
  2 centaur skeletons
  3 iguanas
  2 orc wizards
  A hound zombie (D:2)
  5 adders
  12 gnolls
  2 shadow imps
  An ufetubus (D:6)
  An adder skeleton (D:5)
  3 dart slugs
  13 orcs
  4 bats
  7 endoplasms
  2 giant cockroaches
  5 goblins
  7 hobgoblins
  3 jackals (D:3)
  4 kobolds
  2 quokkas (D:3)
  3 ball pythons
  5 frilled lizards
  4 rats
118 creatures vanquished.

Vanquished Creatures (others)
  4 toadstools (D:1)
4 creatures vanquished.

Grand Total: 122 creatures vanquished

Notes
Turn   | Place    | Note
-------+----------+-------------------------------------------
     0 | D:1      | DarkShadow the Minotaur Fighter began the quest for the
                  | Orb.
     0 | D:1      | Reached XP level 1. HP: 19/19 MP: 0/0
   200 | D:1      | Reached XP level 2. HP: 27/27 MP: 1/1
  1019 | D:2      | Reached XP level 3. HP: 28/33 MP: 2/2
  1247 | D:2      | Found a faded altar of an unknown god.
  1446 | D:3      | Reached XP level 4. HP: 40/40 MP: 3/3
  2202 | D:4      | Reached skill level 1 in Dodging
  2260 | D:4      | Noticed an ogre
  2271 | D:4      | Killed an ogre
  2272 | D:4      | Reached XP level 5. HP: 34/46 MP: 4/4
  2308 | D:4      | Reached skill level 5 in Armour
  2308 | D:4      | Reached XP level 6. HP: 34/52 MP: 5/5
  2579 | D:4      | Reached skill level 5 in Shields
  2796 | D:4      | Reached skill level 5 in Axes
  3279 | D:4      | Reached XP level 7. HP: 51/60 MP: 6/6
  3758 | D:5      | Entered Level 5 of the Dungeon
  4209 | D:5      | Found a staircase to the Ecumenical Temple.
  4237 | D:5      | Reached skill level 5 in Fighting
  4237 | D:5      | Reached XP level 8. HP: 22/68 MP: 7/7
  4463 | Temple   | Entered the Ecumenical Temple
  4743 | D:5      | Reached skill level 1 in Stealth
  5115 | D:5      | Identified a scroll of acquirement
  5115 | D:5      | Acquired the amulet of Lagoss {Spirit Str+6}
  5642 | D:5      | Found a sparkling altar of Nemelex Xobeh.
  6014 | D:6      | Found a snail-covered altar of Cheibriados.
  6014 | D:6      | Found an opulent altar of Gozag.
  6018 | D:6      | Became a worshipper of Gozag Ym Sagoz the Greedy
  6855 | D:6      | Found a basalt altar of Yredelemnul.
  6916 | D:6      | Reached XP level 9. HP: 74/74 MP: 8/8
  6953 | D:6      | Acquired the ring of the Establishment {rPois Int+4 Slay+2}
  7589 | D:7      | Noticed Menkaure
  7597 | D:6      | Killed Menkaure
  7616 | D:7      | HP: 1/75 [steam dragon (4)]
  7617 | D:7      | Engulfed by a steam dragon's steam

Illustrated notes

Levels and vault maps discovered:
D:1:      ldierk_walled_garden_2, layout_loops_ring
D:2:      minmay_chambers_of_ones, layout_rooms, shapermc_ecumenical_altar_gd,
          hangedman_abyss_or_decor_lesser_grid, minmay_splitting_lines,
          lightli_corner_chamber
D:3:      layout_loops_ring, minmay_diced_spiral
D:4:      layout_layer_cave, kennysheep_cross_room, bh_walls_and_bars
D:5:      layout_rooms, kennysheep_mini, minmay_temple_entry_large_hall,
          chequers_serial_rivers_small_3
D:6:      layout_layer_cave, lemuel_doored_altar,
          gammafunk_temple_overflow_elements, enter_ossuary_1
D:7:      layout_layer_cave, uniq_duvessa, uniq_menkaure, uniq_prince_ribbit1
Temple:   hc_temple_tempest_star

Skill      XL: |  1  2  3  4  5  6  7  8  9 |
---------------+----------------------------+-----
Shields        | 4 5 6 7 |  7.7
Fighting       | 4 5 |  5.7
Armour         | 4 5 6 7 8 |  8.0
Axes           | 3 4 5 6 8 |  8.9
Dodging        | 1 2 3 |  3.7
Stealth        | 1 |  1.3

Action                   |  1- 3 |  4- 6 |  7- 9 || total
-------------------------+-------+-------+-------++-------
Melee: War axe           |    76 |    84 |   181 ||   341
       Headbutt          |     9 |    15 |    46 ||    70
  Use: Scroll            |       |       |    10 ||    10
       Potion            |       |       |     1 ||     1
Armor: Scale mail        |    45 |    56 |   100 ||   201
Dodge: Dodged            |    30 |    41 |    75 ||   146
Block: Kite shield       |    53 |    84 |   121 ||   258

Table legend: (Time is in decaauts)
 A = Elapsed time spent in this place.
 B = Non-inter-level travel time spent in this place.
 C = Inter-level travel time spent in this place.
 D = Time resting spent in this place.
 E = Time spent auto-exploring this place.
 F = Levels seen in this place.
 G = Mean time per level.
                   A        B        C        D        E       F      G
               +--------+--------+--------+--------+--------+-----+--------+
         Total |   7777 |   7695 |     82 |   2229 |   3736 |   8 |  972.1 |
       Dungeon |   7532 |   7450 |     82 |   2229 |   3722 |   7 | 1076.0 |
        Temple |    244 |    244 |      0 |      0 |     14 |   1 |  244.0 |
               +--------+--------+--------+--------+--------+-----+--------+

Top non-repeatable levels by time:
     D:5: 2008 daAuts
     D:6: 1650 daAuts
     D:4: 1601 daAuts
     D:1: 990 daAuts
     D:3: 955 daAuts
     D:2: 314 daAuts
  Temple: 244 daAuts
     D:7: 12 daAuts
